 Dungeon Crawl Stone Soup version 0.25.0-10-g039870ee82 (webtiles) character file.

Game seed: 5397873380040438302

1055 Matador8 the Digger (level 8, -1/62 HPs)
             Began as a Naga Earth Elementalist on June 23, 2020.
             Was a Follower of Uskayaw.
             Slain by a two-headed ogre
             ... wielding a +0 giant club
              (27 damage)
             ... on level 6 of the Dungeon.
             The game lasted 00:36:49 (6072 turns).

Matador8 the Digger (Naga Earth Elementalist)       Turns: 6072, Time: 00:36:49

Health: -1/62      AC:  5    Str: 10    XL:     8   Next: 26%
Magic:  11/13      EV: 10    Int: 18    God:    Uskayaw [*.....]
Gold:   128        SH:  4    Dex: 12    Spells: 8/14 levels left

rFire    . . .     SeeInvis +   b - +0 dagger
rCold    . . .     Gourm    .   k - +0 buckler
rNeg     . . .     Faith    .   c - +0 robe
rPois    +         Spirit   .   (no helmet)
rElec    .         Reflect  .   i - +0 cloak
rCorr    .         Harm     .   r - +0 pair of gloves
MR       +....                  (no barding)
Stlth    +++.......             (no amulet)
HPRegen  0.20/turn              (no ring)
MPRegen  0.13/turn              (no ring)

@: short of breath, very slow
A: large, see invisible, deformed body, poison resistance, slowness 2, slow
metabolism 1, spit poison 1, AC +2
a: Spit Poison, Stomp, Renounce Religion


You were on level 6 of the Dungeon.
You worshipped Uskayaw.
Uskayaw was noncommittal.
You were very hungry.

You visited 2 branches of the dungeon, and saw 7 of its levels.

You collected 326 gold pieces.
You spent 198 gold pieces at shops.

Inventory:

Hand Weapons
 a - a +1 falchion of holy wrath
 b - a +0 dagger (weapon)
Missiles
 f - 171 stones (quivered)
Armour
 c - a +0 robe (worn)
 i - a +0 cloak (worn)
 k - a +0 buckler (worn)
 o - a +0 ring mail
 r - a +0 pair of gloves (worn)
 y - a +0 plate armour
Jewellery
 z - an uncursed ring of positive energy {unknown}
 E - an uncursed ring of poison resistance {unknown}
Wands
 h - a wand of acid (8)
 v - a wand of paralysis (12)
 A - a wand of iceblast (9)
Scrolls
 j - 2 scrolls of identify
 l - a scroll of blinking {unknown}
 m - 2 scrolls of enchant armour
 p - 2 scrolls of remove curse {unknown}
 q - 2 scrolls of teleportation
 x - a scroll of fog {unknown}
 C - a scroll of enchant weapon {unknown}
Potions
 e - 2 potions of lignification
 g - a potion of invisibility {unknown}
 n - a potion of mutation {unknown}
 s - a potion of curing
 t - a potion of haste
 u - a potion of stabbing {unknown}
 w - 3 potions of heal wounds
 B - a potion of might {unknown}
 D - a potion of degeneration {unknown}
Comestibles
 d - 8 rations


   Skills:
 - Level 1.5 Dodging
 - Level 4.5 Stealth
 - Level 2.4 Shields
 + Level 3.5 Spellcasting
 - Level 4.1 Conjurations
 - Level 1.0 Transmutations
 - Level 6.2 Earth Magic
 + Level 3.5 Invocations


You had 8 spell levels left.
You knew the following spells:

 Your Spells              Type           Power        Failure   Level  Hunger
a - Sandblast             Erth           ####..       1%          1    None
b - Passwall              Tmut/Erth      ###.....     5%          2    ##.....
c - Stone Arrow           Conj/Erth      ###...       5%          3    ###....

Your spell library contained the following spells:

 Spells                   Type           Power        Failure   Level  Hunger
 Corona                   Hex            #......      16%         1    None
 Dazzling Flash           Conj/Hex       ##....       21%         3    ###....
 Ensorcelled Hibernation  Hex/Ice        #.....       24%         2    ##.....
 Lee's Rapid Deconstruct  Erth           ####......   32%         5    ######.
 Petrify                  Tmut/Erth      ###.....     34%         4    ####...
 Confusing Touch          Hex            #.......     43%         3    ###....
 Tukima's Dance           Hex            #.......     43%         3    ###....


Dungeon Overview and Level Annotations

Branches:
Dungeon (6/15)             Temple (1/1) D:5

Altars:
Ashenzari
Cheibriados
Dithmenos
Fedhas
Kikubaaqudgha
Makhleb
Nemelex Xobeh
Okawaru
Qazlal
Uskayaw
Vehumet
Wu Jian
Yredelemnul
Zin
The Shining One

Shops:
D:4 }=!


Innate Abilities, Weirdness & Mutations

You cannot wear boots.
Your serpentine skin is tough. (AC +2)
You have supernaturally acute eyesight. (SInv)
Armour fits poorly on your strangely shaped body.
Your system is resistant to poisons. (rPois)
You cover ground very slowly.
You have a slow metabolism.
You can spit poison.


Message History

The blast of sand hits the two-headed ogre!
The two-headed ogre is heavily wounded.
f - 172 stones The two-headed ogre looks more healthy.
Press: ? - help, Shift-Dir - straight line, f/p - two-headed ogre
Aim: a two-headed ogre, wielding two +0 giant clubs (heavily wounded)
The splash of poison misses the two-headed ogre.
You are feeling very hungry.
The two-headed ogre hits you with a +0 giant club!
The two-headed ogre misses you.
Casting: Sandblast (safe; 1% risk of failure)
Confirm with . or Enter, or press ? or * to list all spells.
Aiming: Sandblast (safe; 1% risk of failure)
Press: ? - help, Shift-Dir - straight line, f/p - two-headed ogre
Aim: a two-headed ogre, wielding two +0 giant clubs (heavily wounded)
The blast of sand hits the two-headed ogre.
The two-headed ogre is heavily wounded.
f - 171 stones The two-headed ogre hits you with a +0 giant club!! x2
You die...

#.# # #.# #.#.# .#.##
.......# ..#.. ####.#.#..#
.#.. ......#..## ...
.>...#@O.# .. ....#.#.##
####. #.#.#.#..# # #....
#####.#.#.##.##.#.#..#...!
................O!..Z.....
#####.#.#.................
#.....#...........#..#####
#...............#.# ...
#.......#######.. # ###


You could see a two-headed ogre.

Vanquished Creatures
  Menkaure (D:4)
  An ice beast (D:5)
  A sky beast (D:6)
  An ogre (D:4)
  A bullfrog (D:6)
  A scorpion (D:4)
  2 crimson imps (D:5)
  3 hounds
  2 orc priests (D:4)
  2 orc wizards
  2 iguanas
  3 worker ants
  A killer bee zombie (D:4)
  A hound zombie (D:5)
  2 adders
  An ooze (D:6)
  2 worms
  5 leopard geckos
  16 orcs
  A ball python (D:4)
  3 giant cockroaches
  9 goblins
  4 hobgoblins
  4 jackals (D:1)
  4 kobolds (D:1)
  4 quokkas
  9 bats
  4 frilled lizards
  2 jackal skeletons (D:4)
  6 rats
98 creatures vanquished.

Notes
Turn   | Place    | Note
-------+----------+-------------------------------------------
     0 | D:1      | Matador8 the Naga Earth Elementalist began the quest for
                  | the Orb.
     0 | D:1      | Reached XP level 1. HP: 15/15 MP: 3/3
    72 | D:1      | Reached XP level 2. HP: 12/22 MP: 0/5
    76 | D:1      | Learned a level 2 spell: Passwall
   896 | D:1      | Reached XP level 3. HP: 28/28 MP: 6/6
  1804 | D:2      | Learned a level 3 spell: Stone Arrow
  1993 | D:2      | Found a blossoming altar of Fedhas.
  2362 | D:2      | Reached skill level 1 in Shields
  2362 | D:2      | Reached XP level 4. HP: 33/36 MP: 4/7
  3015 | D:3      | Reached XP level 5. HP: 42/42 MP: 8/8
  3018 | D:3      | Reached skill level 4 in Earth Magic
  3145 | D:3      | Found a shattered altar of Ashenzari.
  3192 | D:3      | Found a stormy altar of Qazlal.
  3551 | D:4      | Reached skill level 1 in Conjurations
  3694 | D:4      | Noticed Menkaure
  3725 | D:4      | Found Vyinont's Gadget Boutique.
  3730 | D:4      | Reached XP level 6. HP: 49/49 MP: 6/9
  3996 | D:4      | Found Torurgh's Distillery.
  4006 | D:4      | Reached skill level 5 in Earth Magic
  4011 | D:4      | Found Tilerghuno's Jewellery Emporium.
  4013 | D:4      | Bought a potion of heal wounds for 55 gold pieces
  4013 | D:4      | Bought a potion of curing for 33 gold pieces
  4013 | D:4      | Bought a potion of haste for 110 gold pieces
  4141 | D:5      | Entered Level 5 of the Dungeon
  4239 | D:5      | Reached XP level 7. HP: 55/55 MP: 6/10
  4269 | D:5      | Found a glowing golden altar of the Shining One.
  4323 | D:5      | Found a snail-covered altar of Cheibriados.
  4396 | D:5      | Found a staircase to the Ecumenical Temple.
  4406 | Temple   | Entered the Ecumenical Temple
  4457 | Temple   | Became a worshipper of Uskayaw the Reveler
  4505 | D:5      | Reached * piety under Uskayaw
  4781 | D:5      | Reached ** piety under Uskayaw
  4877 | D:5      | Reached skill level 1 in Invocations
  5235 | D:6      | Noticed a two-headed ogre
  5358 | D:4      | Reached *** piety under Uskayaw
  5607 | D:4      | Reached skill level 6 in Earth Magic
  5649 | D:4      | Killed Menkaure
  5649 | D:4      | Reached XP level 8. HP: 58/62 MP: 12/12
  6024 | D:6      | Found a basalt altar of Yredelemnul.
  6072 | D:6      | Slain by a two-headed ogre

Illustrated notes

Levels and vault maps discovered:
D:1:      denvon_arrival_planthouse, layout_loops_ring, kennysheep_small_spiral
D:2:      layout_basic, fedhas_altar_fruit_tree
D:3:      layout_basic, overflow_temple_1_default, marbit_many_paths
D:4:      layout_loops_cross, serial_shops, shop, shop, shop_fountains,
          uniq_menkaure
D:5:      layout_loops_cross, tso_metal_star, minmay_temple_entry_glassed_door,
          first_ration, basic_altar
D:6:      layout_basic, kennysheep_ying_yang, nicolae_overflow_hidden_temple,
          chequers_serial_rivers_large_a, minmay_ogre_servants
Temple:   cyrus_temple_forest

Skill      XL: |  1  2  3  4  5  6  7 |
---------------+----------------------+-----
Stealth        | 4 |  4.5
Shields        | 1 2 |  2.4
Earth Magic    | 4 5 6 |  6.2
Conjurations   | 2 3 4 |  4.1
Invocations    | 3 |  3.5
Spellcasting   | 3 |  3.5
Dodging        | |  1.5
Transmutations | |  1.0

Action                   |  1- 3 |  4- 6 |  7- 9 || total
-------------------------+-------+-------+-------++-------
Melee: Dagger            |    36 |    55 |    13 ||   104
       Falchion          |       |       |    26 ||    26
Throw: Stone             |     1 |     2 |       ||     3
 Cast: Sandblast         |    24 |    43 |    38 ||   105
       Stone Arrow       |       |       |     3 ||     3
       Passwall          |       |       |     1 ||     1
Invok: Line Pass         |       |       |     1 ||     1
 Abil: Spit Poison       |    22 |    25 |    11 ||    58
  Use: Scroll            |       |       |     4 ||     4
       Potion            |       |       |     1 ||     1
 Stab: Sleeping          |     6 |     2 |     2 ||    10
  Eat: Chunk             |     5 |     6 |     3 ||    14
       Ration            |       |       |     1 ||     1
Armor: Robe              |     6 |    32 |    17 ||    55
Dodge: Dodged            |    27 |    31 |    25 ||    83
Block: Buckler           |       |     1 |    10 ||    11
       Rpst.: Falchion   |       |       |     3 ||     3
